Map: Romanticide LE

Players

DPGDark (Dark) - Winner!

  • Race: Zerg Zerg
  • League: Master

DPGCure (Cure)

  • Race: Terran Terran
  • League: Master

Event: ASUS ROG Fall 2021

VOD

Have the link to the VOD?

Description

Time

  • Played on: Sept. 18, 2021, 9:05 a.m.
  • Length: 13:02

All games in this series

Show
View Real Time Build Order
Export as new Build Order

DPGDark Zerg - Winner!

Build Orders: Hatch First 

Get SALT Encoding   

  12  0:00  Drone  
  13  0:11  Overlord  
  13  0:17  Drone  
  14  0:30  Drone x2  
  16  0:47  Hatchery  
  15  0:50  Drone  
  15  0:53  Drone  
  18  0:57  Drone  
  18  1:08  Extractor  
  17  1:13  Spawning Pool  
  17  1:15  Drone  
  17  1:20  Drone  
  18  1:31  Drone  
  19  1:40  Drone  
  20  1:49  Drone  
  21  2:01  Queen x2  
  23  2:02  Zergling x4  
  27  2:09  Zergling x2  
  27  2:15  Overlord  
  28  2:20  Hatchery  
  27  2:26  Drone  
  28  2:35  Drone x3  
  31  2:38  Queen  
  33  2:45  Drone x2  
  35  2:51  Metabolic Boost  
  35  2:54  Overlord  
  36  2:58  Drone  
  36  3:06  Overlord  
  36  3:12  Drone  
  37  3:18  Drone x4  
  37  3:19  Queen  
  43  3:25  Drone  
  45  3:27  Drone  
  45  3:31  Queen  
  45  3:33  Drone  
  48  3:42  Overlord  
  48  3:43  Drone x2  
  48  3:45  Drone x3  
  48  3:48  Drone x2  
  55  3:50  Extractor, Drone  
  55  3:52  Drone x2  
  57  4:00  Queen  
  57  4:01  Overlord  
  59  4:04  Drone x2  
  59  4:08  Queen  
  63  4:10  Drone  
  63  4:11  Drone  
  63  4:14  Drone  
  66  4:19  Drone x2, Evolution Chamber x2  
  66  4:21  Drone  
  66  4:23  Drone  
  68  4:25  Drone  
  68  4:27  Drone x2  
  68  4:30  Drone  
  68  4:31  Drone x2  
  73  4:34  Overlord  
  73  4:39  Overlord  
  73  4:42  Overlord  
  73  4:47  Zerg Melee Weapons Level 1  
  73  4:48  Zerg Ground Armor Level 1  
  73  4:53  Drone x7  
  80  5:02  Lair  
  80  5:03  Drone x2  
  80  5:04  Extractor  
  80  5:05  Extractor  
  80  5:08  Zergling x10, Baneling Nest  
  80  5:12  Zergling x2  
  85  5:17  Hatchery  
  84  5:23  Zergling x6  
  84  5:27  Zergling x6  
  90  5:29  Hatchery  
  90  5:30  Zergling x2  
  82  5:45  Zergling x8  
  82  5:46  Zergling x10  
  85  5:51  Zergling x4  
  86  5:57  Zergling x2  
  86  5:58  Queen x2  
  86  6:00  Hatchery  
  86  6:01  Zergling x2  
  86  6:02  Baneling x4  
  90  6:05  Burrow  
  90  6:07  Baneling x6  
  90  6:08  Baneling, Centrifical Hooks  
  90  6:10  Overlord  
  90  6:12  Overlord  
  90  6:15  Overlord  
  90  6:23  Overlord  
  90  6:26  Overlord x2  
  90  6:30  Drone x2  
  90  6:31  Drone x2  
  90  6:32  Queen, Infestation Pit  
  96  6:35  Zergling x8  
  96  6:39  Baneling x2  
  99  6:41  Zergling x8  
  98  6:50  Zergling x6  
  91  6:54  Zergling x10  
  91  7:00  Zergling x2  
  91  7:01  Zergling x4, Zerg Melee Weapons Level 2, Zerg Ground Armor Level 2  
  98  7:05  Zergling x8  
  102  7:09  Drone x3  
  102  7:10  Drone  
  102  7:12  Drone x2  
  102  7:13  Drone  
  102  7:14  Baneling x3  
  102  7:15  Baneling, Overseer  
  109  7:18  Zergling x6  
  111  7:24  Zergling x4, Hive  
  113  7:34  Zergling x2  
  113  7:35  Zergling x18  
  123  7:41  Baneling x6  
  123  7:42  Zergling x8  
  127  7:47  Zergling x12  
  127  7:51  Baneling x4  
  121  8:09  Zergling x38  
  140  8:17  Drone  
  140  8:18  Drone x4  
  140  8:19  Baneling x4  
  145  8:21  Spore Crawler, Drone x3  
  145  8:24  Baneling x6  
  145  8:25  Baneling x4  
  146  8:29  Zergling x6  
  146  8:31  Baneling x4  
  146  8:33  Baneling x2  
  148  8:37  Spore Crawler  
  148  8:38  Hatchery  
  148  8:39  Zergling x6  
  149  8:42  Drone, Overlord  
  149  8:43  Zergling x4  
  149  8:45  Zergling x4  
  154  8:53  Overlord  
  154  8:58  Baneling x13  
  154  9:00  Zergling x2  
  154  9:01  Zergling x4  
  157  9:12  Hatchery, Overlord  
  157  9:15  Zergling x16  
  162  9:25  Zergling x12  
  162  9:29  Zergling x2  
  158  9:31  Drone x3  
  158  9:32  Drone x3  
  158  9:33  Zerg Melee Weapons Level 3  
  158  9:35  Drone x3  
  165  9:45  Zerg Ground Armor Level 3  
  165  9:46  Zergling x2  
  165  9:52  Zergling x24  
  167  9:55  Zergling x14  
  167  9:59  Pneumatized Carapace  
  172  10:00  Overlord  
  166  10:12  Zergling x20  
  162  10:15  Zergling x4  
  162  10:18  Drone x5  
  162  10:19  Drone x2  
  171  10:21  Drone x2  
  171  10:23  Baneling x3  
  171  10:24  Zergling x6  
  171  10:25  Zergling x2  
  171  10:27  Adrenal Glands  
  171  10:28  Baneling x2  
  176  10:29  Drone  
  176  10:31  Drone x4  
  176  10:32  Spore Crawler, Extractor  
  176  10:33  Zergling x6  
  176  10:34  Extractor  
  181  10:37  Zergling x6  
  181  10:38  Zergling x2  
  181  10:39  Zergling x4  
  185  10:46  Zergling x4  
  185  10:49  Baneling x5  
  186  10:54  Hatchery  
  185  10:58  Zergling x2  
  185  11:01  Overlord x2  
  185  11:02  Baneling x6  
  185  11:03  Overlord  
  186  11:05  Baneling x5  
  186  11:06  Overseer  
  170  11:19  Zergling x16  
  170  11:24  Zergling x10  
  170  11:25  Zergling x32, Overseer  
  192  11:29  Hatchery  
  192  11:30  Drone x3  
  194  11:33  Zergling x4, Baneling  
  194  11:34  Baneling x9  
  194  11:35  Zergling x2  
  195  11:45  Zergling x22  
  200  11:49  Baneling x4  
  198  11:59  Zergling x14  
  198  12:01  Zergling x2  
  200  12:08  Zergling x10  
  180  12:10  Zergling x24  
  180  12:13  Zergling x6  
  180  12:14  Zergling x4  
  187  12:21  Zergling x18  
  195  12:24  Zergling x2  
  195  12:26  Zergling x2  
  195  12:30  Zergling x10  
  189  12:37  Zergling x8  
  189  12:40  Baneling x6  
  189  12:42  Zergling x6  
Show
View Real Time Build Order
Export as new Build Order

DPGCure Terran 

Build Orders: Reaper Expand 

Get SALT Encoding   

  12  0:00  SCV  
  13  0:12  SCV  
  14  0:17  Supply Depot  
  14  0:24  SCV  
  15  0:38  SCV  
  15  0:40  Barracks  
  15  0:42  Refinery  
  16  0:51  SCV  
  17  1:03  SCV  
  18  1:15  SCV  
  19  1:27  Reaper, Orbital Command  
  20  1:38  Command Center  
  20  1:50  Supply Depot  
  20  1:53  SCV  
  21  1:59  Marine  
  22  2:05  SCV  
  23  2:13  Factory  
  23  2:17  SCV  
  23  2:19  Barracks Reactor  
  24  2:29  SCV  
  25  2:37  Command Center  
  25  2:50  Orbital Command  
  26  2:51  SCV  
  26  2:59  Barracks  
  26  3:03  SCV  
  27  3:07  Marine  
  27  3:10  Hellion  
  27  3:11  Hellion  
  32  3:15  Refinery  
  32  3:19  SCV x2  
  34  3:25  Barracks Tech Lab  
  34  3:31  SCV x2  
  34  3:33  Refinery  
  36  3:43  SCV x2  
  36  3:44  Marine  
  36  3:45  Stimpack  
  36  3:47  Starport  
  39  3:50  Orbital Command  
  39  3:51  Factory Reactor  
  39  3:53  Marine  
  40  3:56  SCV x2  
  40  3:58  Marine  
  40  4:02  Marine  
  43  4:08  SCV  
  43  4:09  SCV  
  46  4:11  Marine  
  46  4:14  Orbital Command  
  46  4:16  Marine  
  48  4:18  Supply Depot  
  48  4:20  Marine, SCV  
  48  4:21  SCV  
  51  4:29  Marine  
  52  4:31  Medivac x2  
  52  4:33  SCV x2  
  52  4:34  Marine  
  52  4:38  Marine  
  59  4:39  Factory Reactor  
  59  4:42  Supply Depot  
  59  4:43  SCV  
  59  4:45  SCV x2  
  63  4:47  Marine  
  63  4:52  Marine  
  65  4:55  SCV  
  65  4:57  Marine, SCV x2, Barracks  
  65  4:58  Supply Depot  
  69  5:05  Marine  
  69  5:06  Supply Depot  
  70  5:10  Marine, SCV x3  
  74  5:16  Refinery  
  74  5:17  Engineering Bay  
  74  5:19  Engineering Bay  
  74  5:22  Marine x2  
  74  5:24  Combat Shield  
  74  5:26  SCV x3  
  74  5:27  Marine  
  80  5:29  Medivac  
  80  5:34  Medivac  
  80  5:35  Widow Mine  
  86  5:41  Marine  
  86  5:42  Marine  
  85  5:43  SCV x2  
  85  5:45  Marine  
  78  5:51  Widow Mine  
  78  5:54  Barracks Reactor  
  78  5:55  Terran Infantry Weapons Level 1  
  80  5:58  Terran Infantry Armor Level 1  
  80  5:59  Marine  
  80  6:01  SCV x2  
  80  6:02  SCV  
  84  6:10  Marine x2  
  86  6:17  Marine  
  86  6:18  SCV x3  
  90  6:19  Supply Depot  
  90  6:22  Supply Depot  
  90  6:23  Hellion  
  92  6:31  Marine  
  93  6:33  Supply Depot  
  93  6:40  Marine x3, SCV, Medivac x2  
  93  6:44  Hellion  
  101  6:49  Marine x2  
  101  6:51  SCV, Widow Mine  
  101  6:52  SCV x2  
  88  6:58  Marine x3  
  88  7:00  Barracks  
  91  7:01  Barracks  
  91  7:04  SCV  
  91  7:05  Widow Mine  
  91  7:06  SCV x2  
  91  7:07  Armory  
  91  7:08  Marine x2  
  97  7:10  Medivac x2  
  97  7:14  Supply Depot  
  101  7:15  Marine  
  101  7:19  Supply Depot, SCV x2  
  101  7:20  SCV  
  101  7:21  Marine x2  
  107  7:26  Marine  
  108  7:31  SCV  
  108  7:32  SCV x2  
  108  7:36  Marine x2  
  113  7:37  Widow Mine x2  
  113  7:39  Marine x2  
  113  7:43  Marine  
  120  7:49  Barracks Reactor x2  
  120  7:54  Marine x2  
  120  7:57  Marine x2  
  123  8:01  Marine  
  113  8:06  Terran Infantry Armor Level 2, Terran Infantry Weapons Level 2, Widow Mine  
  113  8:07  Widow Mine  
  113  8:08  SCV x3  
  113  8:11  Factory  
  113  8:12  Marine x2  
  118  8:14  Marine x2  
  118  8:15  Command Center  
  118  8:16  Medivac  
  118  8:17  Medivac  
  118  8:19  Marine  
  125  8:22  Supply Depot x2, SCV  
  125  8:23  SCV x2  
  125  8:25  Marine x4  
  125  8:30  Marine x2  
  117  8:35  Supply Depot  
  117  8:36  Supply Depot  
  117  8:37  Marine x3  
  117  8:38  Widow Mine x2  
  117  8:40  SCV x3  
  127  8:41  Refinery x2  
  127  8:42  Marine  
  127  8:46  Medivac x2  
  127  8:47  Marine  
  133  8:49  Marine x2  
  133  8:54  Marine x2  
  133  8:55  Marine x2  
  139  9:06  Marine x4  
  139  9:07  Widow Mine x2  
  139  9:08  Factory Tech Lab  
  147  9:16  Marine x5  
  152  9:24  Marine  
  153  9:26  Marine x3  
  153  9:29  SCV x2  
  156  9:32  Supply Depot  
  156  9:39  Supply Depot  
  156  9:40  Supply Depot x2  
  156  9:41  Marine  
  156  9:42  Marine  
  156  9:47  Marine  
  156  9:48  Marine  
  156  9:49  Marine x2, SCV  
  156  9:50  SCV  
  156  9:53  Marine x3  
  156  9:59  Marine, Widow Mine x3  
  151  10:00  Marine, SCV  
  151  10:01  SCV  
  151  10:02  SCV  
  151  10:04  Marine  
  151  10:06  Marine  
  151  10:07  Marine x2  
  157  10:11  Marine x3  
  158  10:17  Marine x2  
  158  10:20  Widow Mine, Medivac x2  
  158  10:21  Widow Mine  
  164  10:22  Marine  
  164  10:24  Marine x2  
  164  10:25  Marine, Supply Depot  
  168  10:28  Marine x2  
  168  10:29  Marine  
  168  10:34  Planetary Fortress  
  170  10:45  Barracks  
  170  10:46  Barracks  
  170  10:47  Marine x2  
  170  10:48  Marine x2, Marauder  
  176  10:56  Barracks  
  176  10:57  Widow Mine x2  
  177  11:04  Widow Mine  
  177  11:09  Marine  
  180  11:13  Supply Depot x2  
  180  11:14  Marine, Supply Depot  
  180  11:15  Marine x2  
  180  11:16  Marauder  
  179  11:20  Widow Mine x2  
  179  11:22  Marine x3  
  171  11:26  Widow Mine  
  173  11:33  Command Center  
  173  11:37  Marauder  
  173  11:39  Marine x2, Barracks Tech Lab x2  
  177  11:41  Widow Mine x2  
  177  11:43  Marine x2  
  177  11:44  Marine x4  
  180  11:51  Widow Mine, Barracks Tech Lab  
  182  11:58  Marauder  
  181  12:03  Widow Mine x2  
  155  12:09  Marine x4  
  155  12:10  Marauder x3  
  155  12:12  Widow Mine  
  155  12:14  Marine x2  
  142  12:19  Marine x2  
  142  12:20  Marauder  
  132  12:24  Widow Mine x2  
  132  12:27  Marine x4  
  131  12:31  Marauder x3  
  131  12:32  Marine x2  
  131  12:37  Marine x2  
  102  12:41  Marine  
Tags
 
Add a new tag
Caveats
  • Supply blocks, unpowered buildings, or Contaminate may cause inaccurate times.
  • Supply counts are checked every 10 seconds.